 Dungeon Crawl Stone Soup version 0.26-a0-966-gd078a86f14 (webtiles) character file.

Game seed: 18361866989800355324

2156 wallyworld96 the Ruffian (level 9, 0/83 HPs)
             Began as a Troll Fighter on Dec 3, 2020.
             Slain by Crazy Yiuf
             ... wielding a +4 quarterstaff of chaos
              (9 damage)
             ... on level 7 of the Dungeon on Dec 4, 2020.
             The game lasted 01:22:23 (6049 turns).

wallyworld96 the Ruffian (Troll Fighter)            Turns: 6049, Time: 01:22:24

Health: 0/83       AC:  6    Str: 28    XL:     9   Next: 10%
Magic:  8/8        EV:  9    Int:  4    God:
Gold:   274        SH:  0    Dex: 10    Spells: 8/8 levels left

rFire    + . .     SeeInvis .   l - +7 sceptre of Torment {pain, torment}
rCold    x . .     Faith    .   b - +0 kite shield
rNeg     . . .     Spirit   .   a - +0 robe
rPois    .         Reflect  .   (helmet restricted)
rElec    .         Harm     .   (no cloak)
rCorr    .         Rampage  .   (gloves unavailable)
MR       .....     Rnd*Tele +   (boots unavailable)
Stlth    +.........             (no amulet)
HPRegen  0.63/turn              z - ring of fire
MPRegen  0.11/turn              B - ring of teleportation (curse)

@: confused, mighty, heavily drained
A: large, unfitting armour, claws 3, regeneration 1, shaggy fur 1, tough skin 3
a: no special abilities


You were on level 7 of the Dungeon.
You visited 1 branch of the dungeon, and saw 7 of its levels.

You collected 274 gold pieces.

Inventory:

Hand Weapons
 l - the +7 sceptre of Torment (weapon) {pain, torment}
   (You found it on level 7 of the Dungeon)

   In the hands of one skilled in necromantic magic, it inflicts extra damage on
   living creatures.
 m - a +0 hand axe
 n - a +0 club
 o - a +0 dagger
 q - a +1 whip of pain
 r - a cursed -3 mace
 s - a +0 short sword
 x - a +0 club
 D - a +0 club
 E - a +0 dagger
 F - a +0 flail
 K - a +0 shortbow
 L - a +0 shortbow
 Q - a +2 great sword of flaming
 S - a cursed -1 shortbow
 Y - a cursed +4 long sword
Missiles
 t - 162 arrows
 y - a throwing net (quivered)
 W - 36 bolts
Armour
 a - a +0 robe (worn)
 b - a +0 kite shield (worn)
 k - a +0 plate armour
 p - a +0 helmet
 C - a +0 scale mail
 G - a +0 leather armour
 H - a +0 leather armour
 R - a +0 ring mail
 U - a +0 leather armour
 V - a +0 ring mail
 Z - a +0 robe
Jewellery
 d - an uncursed amulet of the acrobat {unknown}
 j - a +6 ring of intelligence
 z - a ring of fire (left claw)
 B - a cursed ring of teleportation (right claw)
Wands
 I - a wand of iceblast (7)
 J - a wand of disintegration (11)
Scrolls
 f - 2 scrolls of fear
 g - a scroll of magic mapping {unknown}
 h - 8 scrolls of identify
 v - 2 scrolls of remove curse
 M - a scroll of enchant weapon
 N - 2 scrolls of teleportation
 O - a scroll of immolation {unknown}
 X - a scroll of fog {unknown}
Potions
 c - 4 potions of might
 e - 3 potions of mutation {unknown}
 i - 3 potions of curing
 u - a potion of magic {unknown}
 w - 2 potions of heal wounds {unknown}
 A - 2 potions of brilliance {unknown}
 P - 2 potions of cancellation {unknown}
 T - a potion of berserk rage {unknown}


   Skills:
 + Level 3.6(2.4) Fighting
 + Level 0.1(0.0) Maces & Flails
 + Level 5.3(4.0) Dodging
 + Level 1.5(0.4) Stealth
 + Level 5.5(4.3) Shields
 + Level 7.8(6.5) Unarmed Combat


You had 8 spell levels left.
You didn't know any spells.
Your spell library was empty.

Dungeon Overview and Level Annotations

Branches:
Dungeon (7/15)             Temple (0/1) D:5

Altars:
Ashenzari
Fedhas
Ru
Sif Muna
Wu Jian

Annotations:
D:4 exclusion: oklob plant
D:7 Crazy Yiuf


Innate Abilities, Weirdness & Mutations

You are too large for most types of armour.
You have claws for hands.
Your natural rate of healing is unusually fast.
You are covered in fur. (AC +1)
You have extremely tough skin. (AC +3)


Message History

You see here the +7 sceptre of Torment {pain, torment}.
You can't carry that many items.
You drop a +0 dagger.
You block Crazy Yiuf's attack.
l - the +7 sceptre of Torment {pain, torment} Crazy Yiuf hits you with a +4 quarterstaff of chaos.
You are confused.
Crazy Yiuf says, "Proton cower aubergine!"
Crazy Yiuf hits you with a +4 quarterstaff of chaos!
* * * LOW HITPOINT WARNING * * *
You feel very mighty all of a sudden.
A terribly searing pain shoots up your arm!
l - the +7 sceptre of Torment (weapon)
{pain, torment} Crazy Yiuf completely misses you.
You are too injured to fight recklessly!
Crazy Yiuf hits you with a +4 quarterstaff of chaos!
* * * LOW HITPOINT WARNING * * *
You feel drained.
* * * LOW HITPOINT WARNING * * *
Crazy Yiuf hits you with a +4 quarterstaff of chaos!
You die...

### ##.# #..#### ##
##.....## ####.#
##..)....# ......
#..#...###
......####..##...#
#..#............##
.............@..##
#......<##....g..##
#.##..)...###..)..##
#...#..# ###....#
#....#.# ##..##
..... ... ♣....♣
.....# ..# ♣♣♣..♣
#..... .# ♣.♣♣
#..... ## ♣♣.♣


You could see Crazy Yiuf (fast).

Vanquished Creatures
  An orc warrior (D:6)
  An ice beast (D:5)
  2 phantoms
  2 sky beasts (D:5)
  2 ogres
  4 centaurs
  A bullfrog (D:6)
  A water moccasin zombie (D:5)
  A scorpion (D:5)
  4 wights
  A bullfrog zombie (D:6)
  A jelly (D:5)
  5 hounds
  4 orc wizards (D:4)
  An orc priest (D:4)
  A centaur skeleton (D:6)
  2 worker ants
  Natasha (twice) (D:3)
  An iguana (D:6)
  A hound skeleton (D:5)
  A worker ant zombie (D:6)
  14 adders
  A shadow imp (D:6)
  A white imp (D:5)
  2 ufetubi (D:6)
  An ooze (D:5)
  An adder zombie (D:6)
  A worm (D:2)
  5 dart slugs
  A leopard gecko (D:6)
  15 orcs
  5 giant cockroaches
  9 goblins
  6 hobgoblins
  10 jackals
  12 kobolds
  6 quokkas
  2 ball pythons
  5 bats
  4 frilled lizards
  7 rats
147 creatures vanquished.

Vanquished Creatures (others)
  An orc wizard (D:3)
  49 plants (D:2)
50 creatures vanquished.

Grand Total: 197 creatures vanquished

Notes
Turn   | Place    | Note
-------+----------+-------------------------------------------
     0 | D:1      | wallyworld96 the Troll Fighter began the quest for the Orb.
     0 | D:1      | Reached XP level 1. HP: 22/22 MP: 0/0
    92 | D:1      | Reached XP level 2. HP: 29/29 MP: 1/1
  1231 | D:2      | Reached XP level 3. HP: 30/36 MP: 2/2
  1412 | D:2      | Reached XP level 4. HP: 43/44 MP: 3/3
  1549 | D:2      | Reached skill level 3 in Unarmed Combat
  2185 | D:3      | Noticed Natasha
  2190 | D:3      | Killed Natasha
  2191 | D:3      | Reached XP level 5. HP: 52/52 MP: 4/4
  2425 | D:3      | Noticed Natasha
  2436 | D:3      | Killed Natasha
  2505 | D:3      | Found a shimmering blue altar of Sif Muna.
  2676 | D:4      | Found a sacrificial altar of Ru.
  2723 | D:4      | Reached skill level 4 in Unarmed Combat
  2723 | D:4      | Reached XP level 6. HP: 50/59 MP: 5/5
  3031 | D:4      | Found an ornate altar of the Wu Jian Council.
  3346 | D:4      | Found a blossoming altar of Fedhas.
  3362 | D:4      | Noticed an oklob plant
  3605 | D:4      | HP: 3/61 [something (9)]
  3877 | D:5      | Entered Level 5 of the Dungeon
  3877 | D:5      | Noticed an ice beast
  3877 | D:5      | Noticed a sky beast
  3883 | D:5      | Killed a sky beast
  3884 | D:5      | Reached skill level 5 in Unarmed Combat
  3884 | D:5      | Reached XP level 7. HP: 44/67 MP: 6/6
  3989 | D:5      | Reached skill level 1 in Stealth
  4167 | D:5      | Reached XP level 8. HP: 67/75 MP: 7/7
  4218 | D:5      | Reached skill level 6 in Unarmed Combat
  4267 | D:5      | Found a staircase to the Ecumenical Temple.
  5199 | D:6      | Found a broken altar of Ashenzari.
  5292 | D:6      | Reached skill level 7 in Unarmed Combat
  5411 | D:6      | Reached skill level 5 in Shields
  5418 | D:6      | Reached skill level 5 in Dodging
  5674 | D:6      | Reached XP level 9. HP: 68/83 MP: 8/8
  5861 | D:7      | Found the +7 sceptre of Torment {pain, torment}
  6026 | D:7      | Found a runed translucent door.
  6027 | D:7      | Noticed Crazy Yiuf
  6049 | D:7      | Slain by Crazy Yiuf

Illustrated notes

Levels and vault maps discovered:
D:1:      elethiomel_arrival_shortcut, layout_basic
D:2:      layout_basic, serial_bayou, serial_bayou_ford_a, serial_bayou_pond_c,
          serial_bayou_pond_a, serial_bayou_lagoon_a
D:3:      layout_loops_corners, marbit_many_paths, tgw_sif, st_stairs_3,
          uniq_natasha
D:4:      layout_rooms, old_standard_altar, tgw_fedhas,
          nicolae_ru_great_annihilating_truth, lemuel_flame_loot_1
D:5:      layout_cave_pods, minmay_temple_entry_large_hall,
          eino_small_chamber_without_monster
D:6:      layout_cave_pools, ashenzari_altar_1, hangedman_decor_riveting,
          minmay_increasing_density
D:7:      layout_cave_pools, uniq_crazy_yiuf_cottage

Skill      XL: |  1  2  3  4  5  6  7  8 |
---------------+-------------------------+-----
Shields        | 3 4 5 |  5.5
Dodging        | 3 4 5 |  5.3
Unarmed Combat | 3 4 5 7 |  7.8
Fighting       | 3 |  3.6
Stealth        | 1 |  1.5
Maces & Flails | |  0.1

Action                   |  1- 3 |  4- 6 |  7- 9 || total
-------------------------+-------+-------+-------++-------
Melee: Unarmed           |   110 |   171 |   232 ||   513
       Whip              |       |     7 |       ||     7
  Use: Scroll            |       |     6 |       ||     6
 Stab: Sleeping          |       |     1 |     2 ||     3
       Paralysed         |       |     1 |       ||     1
Armor: Robe              |    50 |    57 |    64 ||   171
Dodge: Dodged            |    28 |    69 |    99 ||   196
Block: Kite shield       |    38 |    87 |   140 ||   265

Table legend: (Time is in decaauts)
 A = Elapsed time spent in this place.
 B = Non-inter-level travel time spent in this place.
 C = Inter-level travel time spent in this place.
 D = Time resting spent in this place.
 E = Time spent auto-exploring this place.
 F = Levels seen in this place.
 G = Mean time per level.
                   A        B        C        D        E       F      G
               +--------+--------+--------+--------+--------+-----+--------+
         Total |   6048 |   2209 |   3839 |      0 |     35 |   7 |  864.0 |
       Dungeon |   6048 |   2209 |   3839 |      0 |     35 |   7 |  864.0 |
               +--------+--------+--------+--------+--------+-----+--------+

Top non-repeatable levels by time:
     D:4: 1318 daAuts
     D:1: 1070 daAuts
     D:3: 979 daAuts
     D:5: 963 daAuts
     D:6: 918 daAuts
     D:2: 699 daAuts
     D:7: 98 daAuts
